 Dungeon Crawl Stone Soup version 0.28.0-53-g5a82cb258f (webtiles) character file.

Game seed: 9348656191158625476

3015 styxcanada the Covert (level 9, -2/44 HPs)
             Began as a Spriggan Brigand on Aug 14, 2022.
             Was an Initiate of Gozag.
             Slain by a manticore (7 damage)
             ... on level 8 of the Dungeon.
             The game lasted 00:40:03 (10319 turns).

styxcanada the Covert (Spriggan Brigand)           Turns: 10319, Time: 00:40:05

Health: -2/44      AC: 11    Str:  7    XL:     9   Next: 55%
Magic:  0/19       EV: 22    Int: 12    God:    Gozag
Gold:   316        SH:  9    Dex: 21    Spells: 8/8 levels left

rFire   . . .      SeeInvis +   a - +2 dagger (protect)
rCold   . . .      Faith    .   E - +2 buckler
rNeg    . . .      Spirit   +   b - +1 robe
rPois   .          Reflect  .   (helmet restricted)
rElec   .          Harm     .   c - +0 cloak
rCorr   .          Rampage  .   (gloves unavailable)
Will    +....                   (boots unavailable)
Stlth   +++++.....              w - amulet of guardian spirit
HPRegen 0.14/turn               s - +4 ring of slaying
MPRegen 0.16/turn               r - ring of magical power

@: under a protective aura, very quick
A: very small, no large weapons, unfitting armour, see invisible, speed 3
a: Renounce Religion, Potion Petition, Call Merchant, Bribe Branch


You were on level 8 of the Dungeon.
You worshipped Gozag.
Gozag was aware of your devotion.
You visited 2 branches of the dungeon, and saw 9 of its levels.

You collected 425 gold pieces.
You paid 109 gold pieces to Gozag.

Inventory:

Hand Weapons
 a - a +2 dagger of protection (weapon)
 x - the +1 trident "Eviscerator" {freeze, *Slow rC++ Str+5}
   (You found it on level 3 of the Dungeon)

   It freezes those it strikes, dealing additional cold damage.
   It can also slow down cold-blooded creatures.
   Str:       It affects your strength (+5).
   rC:        It greatly protects you from cold.
   *Slow:     It may slow you when you take damage.
 y - a +2 quarterstaff of chaos
Missiles
 d - 19 poisoned darts (quivered)
 i - 146 stones
 l - 56 sling bullets
 t - 3 boomerangs
 z - 4 atropa-tipped darts
Armour
 b - a +1 robe (worn)
 c - a +0 cloak (worn)
 E - a +2 buckler (worn)
Jewellery
 r - a ring of magical power (right hand)
 s - a +4 ring of slaying (left hand)
 v - a ring of protection from cold
 w - an amulet of guardian spirit (around neck)
 B - a ring of ice
Scrolls
 f - 3 scrolls of fog
 g - 4 scrolls of teleportation
 m - a scroll of amnesia
 p - a scroll of blinking
 q - 2 scrolls of fear
Potions
 e - 3 potions of flight
 h - 2 potions of haste {unknown}
 j - a potion of might
 k - a potion of curing
 n - a potion of lignification
 o - a potion of brilliance
 u - 4 potions of attraction {unknown}
 A - 5 potions of cancellation {unknown}
 C - 2 potions of resistance {unknown}
 D - a potion of degeneration {unknown}
 F - a potion of magic {unknown}


   Skills:
 * Level 3.6 Fighting
 + Level 6.2 Short Blades
 + Level 1.8 Polearms
 + Level 5.2 Throwing
 * Level 7.9 Dodging
 * Level 12.3 Stealth
 * Level 1.6 Shields
 * Level 3.5 Evocations


You had 8 spell levels left.
You didn't know any spells.
Your spell library was empty.

Dungeon Overview and Level Annotations

Branches:
Dungeon (8/15)             Temple (1/1) D:7
   Lair: D:8-11

Altars:
Ashenzari
Cheibriados
Elyvilon
Fedhas
Gozag
Hepliaklqana
Kikubaaqudgha
Makhleb
Nemelex Xobeh
Okawaru
Qazlal
Sif Muna
Trog
Uskayaw
Vehumet
Wu Jian
Xom
Yredelemnul
Zin
The Shining One

Shops:
D:5 :


Innate Abilities, Weirdness & Mutations

You are very small and have problems with some larger weapons.
You are too small for most types of armour.
You have supernaturally acute eyesight. (SInv)
You cover ground extremely quickly. (Speed+++)


Message History

The manticore is lightly wounded.
The manticore bites you. The manticore misses you.
The manticore completely misses you.
You completely miss the manticore.
The manticore is lightly wounded.
The manticore bites you. The manticore completely misses you.
The manticore claws you but does no damage.
You hit the manticore.
The manticore is lightly wounded.
The manticore bites you but does no damage.
The manticore claws you! The manticore barely misses you.
You hit the manticore.
The manticore is moderately wounded.
You hit the manticore.
The manticore is moderately wounded.
The manticore barely misses you. The manticore closely misses you.
You block the manticore's attack.
You hit the manticore.
The manticore is heavily wounded.
The manticore misses you. The manticore closely misses you.
The manticore claws you but does no damage.
You hit the manticore.
The manticore is heavily wounded.
The manticore completely misses you. The manticore claws you. x2
You hit the manticore.
The manticore is severely wounded.
The manticore completely misses you. The manticore misses you. x2
You hit the manticore.
The manticore is severely wounded.
You closely miss the manticore.
The manticore is severely wounded.
The manticore misses you. The manticore completely misses you.
The manticore claws you but does no damage.
You hit the manticore.
The manticore is severely wounded.
The manticore bites you!!
* * * LOW HITPOINT WARNING * * *
You block the manticore's attack. The manticore claws you!
You die...
Your body crumbles into a pile of gold.

#....#.............
##...<##...........
#.......#..........
#...#..............
##..##..............
#..###....)###......
##..##.......##
.#...
#..#..........## .#
. #....H@........# #
#....>..........#
..................
...................
...................
...................
$ ####+#########'###
$$ $ ## $


You could see a manticore.

Vanquished Creatures
  Prince Ribbit (D:5)
  Grum (D:8)
  2 water moccasins
  An orc warrior (D:8)
  A black bear (D:8)
  An ogre (D:4)
  4 wolves (D:7)
  2 centaurs
  3 phantoms
  2 kobold brigands (D:7)
  Blork the orc (D:5)
  A scorpion (D:5)
  A wyvern skeleton (D:5)
  A water moccasin skeleton (D:4)
  6 killer bees
  A howler monkey (D:7)
  2 wights (D:5)
  A bullfrog zombie (D:5)
  3 jellies
  2 hounds
  Crazy Yiuf (D:6)
  An orc priest (D:6)
  A bullfrog skeleton (D:5)
  3 iguanas
  Natasha (thrice) (D:2)
  Terence (D:3)
  4 orc wizards
  A scorpion zombie (D:5)
  8 adders
  An ufetubus (D:4)
  A worm (D:2)
  3 dart slugs
  16 orcs
  7 bats
  6 endoplasms
  A giant cockroach (D:4)
  3 goblins
  2 hobgoblins (D:4)
  5 quokkas
  5 ball pythons
  A frilled lizard (D:3)
  12 kobolds
123 creatures vanquished.

Vanquished Creatures (others)
  An orc wizard (D:8)
1 creature vanquished.

Grand Total: 124 creatures vanquished

Notes
Turn   | Place    | Note
-------+----------+-------------------------------------------
     0 | D:1      | styxcanada the Spriggan Brigand began the quest for the
                  | Orb.
     0 | D:1      | Reached XP level 1. HP: 10/10 MP: 2/2
    16 | D:1      | Reached skill level 6 in Stealth
    37 | D:1      | Found a faded altar of an unknown god.
   314 | D:1      | Reached XP level 2. HP: 14/14 MP: 3/3
   695 | D:2      | Noticed Natasha
   699 | D:2      | Killed Natasha
   700 | D:2      | Reached skill level 7 in Stealth
   700 | D:2      | Reached XP level 3. HP: 18/18 MP: 4/4
  1564 | D:2      | Reached XP level 4. HP: 20/23 MP: 5/5
  1662 | D:2      | Noticed Natasha
  1673 | D:2      | HP: 1/23 [Natasha (3)]
  1693 | D:2      | Killed Natasha
  1909 | D:2      | Noticed Natasha
  1919 | D:2      | Killed Natasha
  1920 | D:2      | Reached skill level 8 in Stealth
  2487 | D:3      | Found a glowing silver altar of Zin.
  2519 | D:3      | Noticed Terence
  2537 | D:3      | Killed Terence
  2538 | D:3      | Reached XP level 5. HP: 26/26 MP: 6/6
  2600 | D:3      | Identified the +1 trident "Eviscerator" {freeze, *Slow rC++
                  | Str+5}
  2624 | D:3      | Found an ancient bone altar of Kikubaaqudgha.
  2911 | D:4      | Noticed a phantom
  3256 | D:4      | Killed a phantom
  3257 | D:4      | Reached XP level 6. HP: 13/30 MP: 2/7
  3869 | D:4      | Reached skill level 1 in Polearms
  4519 | D:5      | Entered Level 5 of the Dungeon
  4519 | D:5      | Found Leyf Lit's Book Emporium.
  4551 | D:5      | Reached skill level 9 in Stealth
  4551 | D:5      | Reached XP level 7. HP: 35/35 MP: 8/8
  4810 | D:5      | Found a blossoming altar of Fedhas.
  4813 | D:5      | Found a bloodstained altar of Trog.
  5011 | D:5      | Noticed Blork the orc
  5017 | D:5      | Killed Blork the orc
  5103 | D:5      | Noticed Prince Ribbit
  5142 | D:5      | Killed Prince Ribbit
  5143 | D:5      | Reached skill level 5 in Short Blades
  5143 | D:5      | Reached XP level 8. HP: 7/39 MP: 3/9
  5423 | D:5      | Reached skill level 10 in Stealth
  5774 | D:5      | Reached skill level 5 in Dodging
  6103 | D:5      | Found an ornate altar of the Wu Jian Council.
  6103 | D:5      | Found a stormy altar of Qazlal.
  6380 | D:6      | Reached skill level 1 in Evocations
  7102 | D:6      | Found a runed translucent door.
  7103 | D:6      | Noticed Crazy Yiuf
  7110 | D:6      | Killed Crazy Yiuf
  7218 | D:7      | Reached skill level 11 in Stealth
  7556 | D:7      | HP: 2/40 [killer bee (4)]
  7558 | D:7      | Reached XP level 9. HP: 2/44 MP: 1/10
  8393 | D:7      | Found a staircase to the Ecumenical Temple.
  8402 | Temple   | Entered the Ecumenical Temple
  8408 | Temple   | Became a worshipper of Gozag Ym Sagoz the Greedy
  8529 | D:7      | Reached skill level 12 in Stealth
  8759 | D:8      | Noticed Grum
  8999 | D:7      | Reached skill level 5 in Throwing
  9539 | D:8      | Reached skill level 1 in Shields
  9708 | D:8      | Noticed a rakshasa
  9720 | D:8      | Noticed a cyclops
 10281 | D:8      | Killed Grum
 10299 | D:8      | Noticed a manticore
 10319 | D:8      | Slain by a manticore

Illustrated notes

Levels and vault maps discovered:
D:1:      dpeg_arrival_lava_altar, layout_basic, shapermc_ecumenical_altar_gd,
          minmay_octomino_j4
D:2:      layout_rooms, nrook_campfire, serial_park_tiny_pond, uniq_natasha
D:3:      layout_rooms, lemuel_doored_altar, general_overflow_altar,
          uniq_terence
D:4:      layout_basic, minmay_cupped
D:5:      layout_basic, gammafunk_temple_overflow_statue,
          grunt_temple_overflow_open, serial_shops, nicolae_diamond_shop,
          minmay_hedge_maze, kennysheep_path_1, grunt_ministairs_13,
          uniq_prince_ribbit1, uniq_blork_the_orc
D:6:      layout_rooms, uniq_crazy_yiuf_cottage
D:7:      layout_basic, minmay_temple_entry_tees
D:8:      layout_layer_cave, hangedman_decor_lopped, minmay_the_grid_2x2
          [minmay_the_grid_all_tris, minmay_the_grid_pillar_ring,
          minmay_the_grid_rooms, minmay_the_grid_prize_four_corners], uniq_grum
Temple:   nicolae_temple_x_marks_the_god

Skill      XL: |  1  2  3  4  5  6  7  8  9 |
---------------+----------------------------+-----
Stealth        | 6 7 8 9 11 12 | 12.3
Dodging        | 2 3 4 6 7 |  7.9
Fighting       | 2 3 |  3.6
Short Blades   | 3 4 5 6 |  6.2
Throwing       | 3 4 5 |  5.2
Polearms       | 1 |  1.8
Evocations     | 2 3 |  3.5
Shields        | 1 |  1.6

Action                   |  1- 3 |  4- 6 |  7- 9 || total
-------------------------+-------+-------+-------++-------
Melee: Dagger            |    70 |   132 |   507 ||   709
       Punch             |     1 |       |     8 ||     9
       Trident           |       |     9 |    17 ||    26
Throw: Dart              |    11 |    42 |    63 ||   116
       Stone             |       |       |     5 ||     5
Evoke: Wand              |       |       |    27 ||    27
  Use: Scroll            |       |     6 |     8 ||    14
       Potion            |       |       |     2 ||     2
 Stab: Sleeping          |    11 |    10 |    16 ||    37
       Distracted        |       |       |     3 ||     3
Armor: Robe              |    11 |    11 |    62 ||    84
Dodge: Dodged            |    53 |   106 |   462 ||   621
Block: Buckler           |       |       |   109 ||   109
